 Dungeon Crawl Stone Soup version 0.30-a0-711-gf4ac18a38d (webtiles) character file.

Game seed: 1351372062149628410

293992 flotson the Severer (level 20, -24/143 HPs)
             Began as a Demonspawn Delver on Jan 22, 2023.
             Was the Champion of Hepliaklqana.
             Annihilated by a rockslime (33 damage)
             ... on level 4 of the Lair of Beasts on Jan 23, 2023.
             The game lasted 01:35:33 (36987 turns).

flotson the Severer (Demonspawn Delver)            Turns: 36987, Time: 01:35:34

Health: -24/143    AC: 25    Str: 31    XL:     20   Next: 2%
Magic:  26/26      EV: 14    Int: 13    God:    Hepliaklqana [******]
Gold:   3291       SH: 21    Dex: 16    Spells: 19/19 levels left

rFire   + . .      SeeInvis .    a - +6 broad axe (spect)
rCold   + . .      Faith    .    D - +0 tower shield
rNeg    . . .      Spirit   .    B - +8 gold dragon scales "Uvvitadu" {rPois rF+ rC+ Str+6}
rPois   +          Reflect  +    Q - +1 helmet
rElec   .          Harm     .    s - scarf {+Inv}
rCorr   .          Rampage  .    (gloves unavailable)
Will    +....                    x - +1 pair of boots Stlth
                                 Y - amulet "Atiaqu" {Reflect +Blink Regen+ SH+5}
HPRegen 3.23/turn                y - +5 ring of evasion
MPRegen 0.20/turn                i - +6 ring of strength

@: corroded, sanguine armoured, studying 2 skills
A: reduced essence, claws 3, powered by death 3, spiny 3, augmentation 1,
sanguine armour 2
}: 2/15 runes: decaying, gossamer
a: Renounce Religion, Evoke Blink, Evoke Invisibility, Recall Ancestor, Ancestor
Identity, Transference, Idealise


You were on level 4 of the Lair of Beasts.
You worshipped Hepliaklqana.
Hepliaklqana was exalted by your worship.
You visited 8 branches of the dungeon, and saw 35 of its levels.
You visited the Abyss 2 times.
You also visited: Ossuary and Bailey.

You collected 6221 gold pieces.
You spent 2930 gold pieces at shops.

Inventory:

Hand Weapons
 a - a +6 spectral broad axe (weapon)
 b - a +9 broad axe of flaming
 c - the +11 trident of the Hurling Visionary {antimagic, *Slow Will+ Int+3 Dex+3}
   (You took it off a tengu conjurer on level 9 of the Dungeon)

   Int:       It affects your intelligence (+3).
   Dex:       It affects your dexterity (+3).
   *Slow:     It may slow you when you take damage.
   Will:      It increases your willpower.
 n - the +3 Elemental Staff {rElec rF++ rC++ AC+5}
   (You found it on level 3 of the Elven Halls)

   It enhances your fire, ice, earth and air magic.
   AC:        It affects your AC (+5).
   rF:        It greatly protects you from fire.
   rC:        It greatly protects you from cold.
   rElec:     It insulates you from electricity.
 V - a +6 antimagic sling
Missiles
 d - 46 poisoned darts
 e - 7 throwing nets
 A - 10 curare-tipped darts
 L - 2 atropa-tipped darts
 S - 36 javelins (quivered)
Armour
 s - a scarf of invisibility (worn)
 x - a +1 pair of boots (worn)
 B - the +8 gold dragon scales "Uvvitadu" (worn) {rPois rF+ rC+ Str+6}
   (You bought it in a shop on level 2 of the Orcish Mines)

   Str:       It affects your strength (+6).
   rF:        It protects you from fire.
   rC:        It protects you from cold.
   rPois:     It protects you from poison.
 D - a +0 tower shield (worn)
 Q - a +1 helmet (worn)
Jewellery
 i - a +6 ring of strength (right claw)
 y - a +5 ring of evasion (left claw)
 E - a ring of see invisible
 U - a ring of flight
 Y - the amulet "Atiaqu" (around neck) {Reflect +Blink Regen+ SH+5}
   (You took it off a deep elf demonologist on level 3 of the Elven Halls)

   [amulet of reflection]

   It reflects blocked missile attacks.
   +Blink:    It lets you blink.
   Regen:     It increases your rate of health regeneration.
   SH:        It affects your SH (+5).
Wands
 g - a wand of digging (14)
 I - a wand of polymorph (18)
 J - a wand of paralysis (37)
 M - a wand of iceblast (43)
 N - a wand of acid (14)
 T - a wand of mindburst (33)
 Z - a wand of flame (14)
Scrolls
 f - 13 scrolls of teleportation
 j - 9 scrolls of vulnerability
 r - 4 scrolls of fear
 u - 10 scrolls of immolation
 v - 2 scrolls of silence
 w - 3 scrolls of blinking
 F - 7 scrolls of magic mapping
 G - 4 scrolls of poison
 H - 9 scrolls of fog
 P - 2 scrolls of summoning
Potions
 h - 7 potions of ambrosia
 k - 4 potions of cancellation
 l - 5 potions of lignification
 m - a potion of heal wounds
 o - 4 potions of haste
 p - 3 potions of berserk rage
 t - 13 potions of curing
 C - 3 potions of resistance
 O - 5 potions of invisibility
 W - 6 potions of attraction
 X - 3 potions of might
Miscellaneous
 q - a phantom mirror (inert)
 z - a box of beasts


   Skills:
 + Level 14.3 Fighting
 * Level 17.2 Axes
 + Level 12.9 Throwing
 + Level 12.9 Armour
 + Level 12.9 Dodging
 - Level 5.0 Stealth
 + Level 8.7 Shields
 - Level 8.0 Invocations
 + Level 14.1 Evocations


You had 19 spell levels left.
You didn't know any spells.
Your spell library contained the following spells:

 Spells                   Type           Power      Damage    Failure   Level
 Magic Dart               Conj           0%         1d3       100%        1
 Necrotise                Necr           0%         1d4       100%        1
 Shock                    Conj/Air       0%         1d3       100%        1
 Slow                     Hex            0%         N/A       100%        1
 Summon Small Mammal      Summ           0%         N/A       100%        1
 Lesser Beckoning         Tloc           0%         N/A       100%        2
 Searing Ray              Conj           0%         2d4       100%        2
 Confusing Touch          Hex            0%         N/A       100%        3
 Dazzling Flash           Conj/Hex       0%         N/A       100%        3
 Portal Projectile        Hex/Tloc       0%         N/A       100%        3
 Swiftness                Air            0%         N/A       100%        3
 Tukima's Dance           Hex            0%         N/A       100%        3
 Vampiric Draining        Necr           0%         2d6       100%        3
 Airstrike                Air            0%         2d(0-16)  100%        4
 Fulminant Prism          Conj/Hex       0%         3d5       100%        4
 Leda's Liquefaction      Hex/Erth       0%         N/A       100%        4
 Passage of Golubria      Tloc           0%         N/A       100%        4
 Agony                    Necr           0%         N/A       100%        5
 Blade Hands              Tmut           0%         N/A       100%        5
 Freezing Cloud           Conj/Ice/Air   0%         6-21      100%        5
 Irradiate                Conj/Tmut      0%         3d11      100%        5
 Lee's Rapid Deconstruct  Erth           0%         3d4*      100%        5
 Silence                  Hex/Air        0%         N/A       100%        5
 Summon Forest            Summ/Tloc      0%         N/A       100%        5
 Summon Mana Viper        Hex/Summ       0%         N/A       100%        5
 Eringya's Noxious Bog    Tmut/Pois      0%         N/A       100%        6
 Simulacrum               Ice/Necr       0%         N/A       100%        6
 Statue Form              Tmut/Erth      0%         N/A       100%        6
 Summon Cactus Giant      Summ           0%         N/A       100%        6
 Dragon Form              Tmut           0%         N/A       100%        7
 Spellforged Servitor     Conj/Summ      0%         N/A       100%        7
 Summon Hydra             Summ           0%         N/A       100%        7
 Borgnjor's Revivificati  Necr           0%         N/A       100%        8
 Necromutation            Tmut/Necr      0%         N/A       100%        8
 Summon Horrible Things   Summ           0%         N/A       100%        8
 Death's Door             Necr           0%         N/A       100%        9
 Polar Vortex             Ice            0%         N/A       100%        9


Dungeon Overview and Level Annotations

Branches:
Dungeon (15/15)            Temple (1/1) D:4            Lair (5/5) D:8
  Swamp (4/4) Lair:3       Spider (4/4) Lair:2        Slime (1/5) Lair:4
    Orc (2/2) D:11            Elf (3/3) Orc:2        Vaults (0/5) D:13
 Depths (0/4) D:15        Ossuary (visited)          Bailey (visited)

Altars:
Cheibriados
Dithmenos
Fedhas
Gozag
Hepliaklqana
Makhleb
Nemelex Xobeh
Qazlal
Ru
Sif Muna
Trog
Vehumet
Xom
Yredelemnul
Jiyva

Shops:
D:12 (   Orc:2 !(*[   Elf:1 **?*   Elf:3 !


Innate Abilities, Weirdness & Mutations

Your life essence is reduced to manifest your ancestor. (-10% HP)
You have claws for hands.
You regenerate a lot of health from kills.
You are completely covered in sharp spines.
Your magical and physical power is slightly enhanced at high health.
When seriously injured, your blood forms thick armour. (AC +9)


Message History

You block the acid blob's attack.
The rockslime hits you but does no damage.
You block the acid blob's attack. You block the slime creature's attack.
You slash the slime creature!
You kill the slime creature!
You hit the rockslime but do no damage. You slice the slime creature!!
You kill the slime creature!
You hit the acid blob but do no damage.
Your claws burn!
You slash the acid blob! The acid corrodes you!
Your claws burn!
Your +6 spectral broad axe hits the rockslime but does no damage.
Your +6 spectral broad axe hits the acid blob!
You kill the acid blob!
You block the acid blob's attack. The rockslime is struck by your spines.
The rockslime hits you!
You stumble backwards!
The acid blob attacks as you move away! The acid blob hits you!
* * * LOW HITPOINT WARNING * * *
The acid corrodes you!
You are splashed with acid!
* * * LOW HITPOINT WARNING * * *
A slime creature comes into view.
The rockslime is struck by your spines.
The rockslime hits you but does no damage.
There is a staircase back to the Lair here.
The rockslime hits you!
* * * LOW HITPOINT WARNING * * *
You hold your ground!
The acid blob spits acid at you. The splash of acid hits you!
* * * LOW HITPOINT WARNING * * *
You block the slime creature's attack.
You climb upwards.
Welcome back to the Lair of Beasts!
There is a staircase to the Slime Pits here.
You feel much better. The rockslime hits you.
* * * LOW HITPOINT WARNING * * *
You hold your ground!
The acid blob is struck by your spines. The acid blob barely misses you.
You block the slime creature's attack. The acid blob spits acid at you.
The splash of acid hits you!!
* * * LOW HITPOINT WARNING * * *
The rockslime is struck by your spines. The rockslime hits you!!
You die...

.................................
.................................
.................................
.P..!............................
.................R...............
............#..###.....PP#..P##.#
.P...P.......####.......##.######
....#..P....##..|J......####
....##.......##.@_....(.##
....###.....##.JJ........#
.....#P.....##P..........#
.........................##
.........................P#
....P...................###
.....b..................#
..............(.........##
.........................#


You could see an acid blob, a slime creature and a rockslime.

Vanquished Creatures
  A bone dragon (Abyss:3)
  3 deep elf blademasters
  An acid blob (Slime:1)
  A tentacled starspawn (Abyss:3)
  2 deep elf master archers (Elf:3)
  Donald (Elf:1)
  7 ghost moths
  Aizul (Spider:4)
  2 deep elf sorcerers (Elf:3)
  An emperor scorpion (Spider:3)
  A juggernaut zombie (D:15)
  4 deep elf elementalists (Elf:3)
  4 broodmothers
  An eleionoma (Swamp:1)
  6 deep elf demonologists
  A demonspawn black sun (D:13)
  6 deep elf annihilators (Elf:3)
  3 spark wasps
  3 bunyips
  The ghost of Feudof the Thaumaturge, a journeyman GnWr of the Shining One (Lair:3)
  A fire dragon (Lair:5)
  Snorg (D:14)
  A deep elf death mage (Elf:3)
  2 deep elf high priests (Elf:3)
  A great orb of eyes (Abyss:3)
  A shambling mangrove (Swamp:4)
  3 entropy weavers (Spider:4)
  3 vault guards (D:13)
  2 jorogumos
  A rakshasa (Abyss:3)
  15 hydras
  2 radroaches (Spider:1)
  6 centaur warriors
  2 ghost crabs
  3 catoblepae
  3 starcursed masses (Abyss:3)
  8 alligators
  2 two-headed ogres
  An ogre mage (D:13)
  A vampire mage (D:14)
  13 boulder beetles
  20 dancing weapons
  4 orc high priests
  A spriggan berserker (Swamp:4)
  A tengu warrior (D:15)
  Sonja (D:10)
  2 sun demons (D:13)
  17 deep elf knights
  11 skeletal warriors
  7 pharaoh ants
  A sun moth (Spider:1)
  A spectral spark wasp (Spider:4)
  A spark wasp zombie (D:15)
  A flayed ghost (Abyss:3)
  3 goliath frogs
  A spectral ghost moth (Spider:4)
  A spriggan druid (Swamp:3)
  An orb spider (Spider:2)
  9 swamp dragons
  7 deep elf archers
  3 orc knights
  An orange crystal statue (D:8)
  A necromancer (D:14)
  A spectral jorogumo (Spider:4)
  10 steelbarb worms
  17 deep elf pyromancers
  22 deep elf zephyrmancers
  10 ugly things
  4 moths of wrath
  16 wolf spiders
  6 cyclopes
  6 orc sorcerers
  A fire giant skeleton (D:15)
  4 black mambas
  8 elephants
  7 demonic crawlers
  Maurice (Orc:1)
  6 cane toads
  6 torpor snails
  A gargoyle (D:13)
  An unseen horror (D:12)
  An emperor scorpion simulacrum (Spider:4)
  3 rime drakes
  A spark wasp simulacrum (Spider:4)
  9 komodo dragons
  A kobold demonologist (D:12)
  An efreet (D:13)
  An ancient zyme (Abyss:3)
  8 trolls
  2 polar bears
  6 meliai
  4 hornets
  2 raiju (Abyss:3)
  4 large abominations
  Grinder (D:3)
  15 tarantellas
  14 blink frogs
  6 dream sheep (Lair:5)
  11 jumping spiders
  Sigmund (D:3)
  7 culicivoras
  A jumping spider (shapeshifter) (Spider:3)
  A water elemental (Elf:2)
  An air elemental (Elf:3)
  8 slime creatures (Slime:1)
  A shadow (D:11)
  A fire bat (Lair:5)
  4 spriggans
  2 wyverns
  2 basilisks (shapeshifter) (D:15)
  A human (D:13)
  21 yaks
  2 wraiths
  4 vampire mosquitoes
  A steam dragon (Lair:5)
  8 fire elementals
  31 redbacks
  3 basilisks
  10 swamp worms
  A warg (Orc:2)
  3 acid dragons
  15 water moccasins
  A floating eye (shapeshifter) (Elf:3)
  22 orc warriors
  3 swamp drakes
  A hell hound (D:12)
  2 ice beasts
  3 sky beasts
  3 black bears
  4 wolves
  2 small abominations (D:13)
  3 phantoms
  15 centaurs
  2 kobold brigands
  7 bullfrogs
  A necrophage (D:5)
  6 earth elementals
  2 scorpions
  3 wights
  3 electric eels
  4 jellies (D:5)
  A gnoll bouda (D:9)
  6 hounds
  15 orc priests
  Natasha (thrice) (D:3)
  9 orc wizards
  4 iguanas
  8 hell rats
  A hound zombie (D:3)
  2 mummies (Ossuary)
  4 adders
  3 gnolls (D:8)
  A white imp (Abyss:3)
  2 ufetubi
  2 adder zombies (D:3)
  A dart slug (D:4)
  A worm (D:4)
  45 orcs
  9 ball pythons
  3 bats
  4 endoplasms
  4 giant cockroaches
  3 gnoll zombies (Ossuary)
  8 hobgoblins
  6 jackals
  17 kobolds
  3 quokkas
  3 frilled lizards
  9 goblins
  3 goblin zombies (Ossuary)
  3 orc zombies (Ossuary)
  A quokka skeleton (D:3)
  7 rats
  2 starspawn tentacles (Abyss:3)
843 creatures vanquished.

Vanquished Creatures (collateral kills)
  the Lernaean hydra (Swamp:4)
  The ghost of Xof Pepn the Bludgeoner, an adept MiBe of Trog (Spider:4)
  2 emperor scorpions
  A deep elf sorcerer (Elf:3)
  2 ghost moths (Spider:4)
  The ghost of Buphadet the Fighter, a journeyman AtBe of Trog (D:13)
  3 eleionomae
  Azrael (D:12)
  A spark wasp (Spider:1)
  3 bunyips
  2 deep elf death magi (Elf:3)
  3 entropy weavers
  A deep elf high priest (Elf:2)
  The ghost of Loehaal the Timeless, a journeyman DjHW of Cheibriados (Lair:4)
  Fannar (Lair:3)
  An ice dragon (Spider:1)
  Harold (D:10)
  8 hydras
  A vault guard (D:13)
  A jorogumo (Spider:4)
  3 centaur warriors
  A radroach (Spider:4)
  3 boulder beetles
  4 dancing weapons
  8 alligators
  A tengu warrior (D:12)
  5 deep elf knights
  Urug (D:10)
  Nergalle (Orc:1)
  A sixfirhy (Abyss:3)
  2 pharaoh ants
  3 spriggans
  A goliath frog (Swamp:2)
  2 orb spiders
  2 spectral spark wasps (Spider:4)
  3 sun moths (Spider:4)
  2 wretched stars (Abyss:3)
  3 skeletal warriors
  A spectral ghost moth (Spider:4)
  3 spriggan druids
  3 swamp dragons
  7 deep elf archers
  2 bog bodies
  2 steelbarb worms
  A tengu zombie (D:15)
  A wizard (D:13)
  A harpy (shapeshifter) (Elf:3)
  3 orc knights (Orc:2)
  8 deep elf zephyrmancers
  An orc sorcerer (D:8)
  4 ugly things
  8 wolf spiders
  A spectral radroach (Spider:4)
  6 deep elf pyromancers
  A will-o-the-wisp (Swamp:4)
  A cyclops (D:9)
  2 moths of wrath (Spider:3)
  7 elephants
  9 demonic crawlers
  A torpor snail (Spider:1)
  A cane toad (Lair:5)
  An emperor scorpion simulacrum (Spider:4)
  A rime drake (Lair:4)
  An efreet (D:13)
  A tengu conjurer (D:9)
  2 meliai
  5 hornets
  A polar bear (Lair:5)
  2 tarantellas
  3 trolls
  A jorogumo simulacrum (Spider:4)
  3 blink frogs (Lair:3)
  A slime creature (D:9)
  A jumping spider (shapeshifter) (D:13)
  4 culicivoras
  5 jumping spiders
  A water elemental (D:12)
  A shadow (D:12)
  2 air elementals
  5 wyverns
  2 fire bats (Lair:5)
  A vampire (D:13)
  A basilisk (Lair:5)
  16 yaks
  A steam dragon (D:8)
  12 redbacks
  5 swamp worms
  2 vampire mosquitoes
  An acid dragon (Lair:5)
  2 hell hounds (D:12)
  5 water moccasins
  7 swamp drakes
  12 orc warriors
  2 wolves
  2 ogres (Orc:1)
  8 centaurs
  A bullfrog (Lair:1)
  2 gnoll sergeants
  A small abomination (D:13)
  An earth elemental (Elf:3)
  2 wights (D:7)
  A killer bee (D:9)
  2 howler monkeys
  2 electric eels (D:12)
  2 lava snakes (D:8)
  An orc priest (Orc:2)
  2 iguanas
  9 orc wizards
  5 hell rats (Lair:4)
  An adder (D:6)
  A shadow imp (D:6)
  A white imp (D:7)
  34 orcs
  A gnoll zombie (Ossuary)
  A goblin (D:10)
  A goblin zombie (Ossuary)
  2 hobgoblin zombies (Ossuary)
  An orc zombie (Ossuary)
  2 butterflies (Lair:4)
  A starspawn tentacle (Abyss:3)
353 creatures vanquished.

Vanquished Creatures (others)
  An alligator (Swamp:4)
  A spriggan berserker (Swamp:4)
  A deep elf knight (Elf:3)
  A goliath frog (Swamp:3)
  A water elemental (Elf:3)
  A swamp drake (Swamp:2)
  46 battlemagi
  28 fungi
  51 plants
  17 starspawn tentacles
  7 withered plants
155 creatures vanquished.

Grand Total: 1351 creatures vanquished

Notes
Turn   | Place    | Note
-------+----------+-------------------------------------------
     0 | D:5      | flotson the Demonspawn Delver began the quest for the Orb.
     0 | D:5      | Reached XP level 1. HP: 18/18 MP: 1/1
    12 | D:5      | Noticed a hound
    24 | D:5      | Killed a hound
    25 | D:5      | Reached skill level 2 in Axes
    25 | D:5      | Gained mutation: When seriously injured, your blood forms
                  | armour. (AC +9) [demonic ancestry]
    25 | D:5      | Reached XP level 2. HP: 16/24 MP: 2/2
    25 | D:5      | Gained mutation: You are partially covered in sharp spines.
                  | [demonic ancestry]
    25 | D:5      | Reached XP level 3. HP: 19/29 MP: 3/3
    88 | D:5      | Noticed a black bear
   100 | D:5      | Reached skill level 1 in Evocations
   128 | D:4      | Noticed a phantom
   148 | D:4      | Reached skill level 1 in Armour
   252 | D:2      | Found a faded altar of an unknown god.
   546 | D:2      | Found the +4 robe of Augmentation {Str+4 Int+4 Dex+4}
   603 | D:1      | Gained mutation: You regenerate a little health from kills.
                  | [demonic ancestry]
   603 | D:1      | Reached XP level 4. HP: 35/35 MP: 4/4
  1880 | D:3      | Noticed Grinder
  1925 | D:3      | Paralysed by Grinder for 2 turns
  1948 | D:3      | Paralysed by Grinder for 5 turns
  1957 | D:3      | Noticed Natasha
  1958 | D:3      | Paralysed by Grinder for 3 turns
  2104 | D:3      | Noticed Sigmund
  2115 | D:3      | Killed Sigmund
  2116 | D:3      | Reached skill level 1 in Throwing
  2116 | D:3      | Reached skill level 5 in Stealth
  2116 | D:3      | Gained mutation: You have sharp fingernails. [demonic
                  | ancestry]
  2116 | D:3      | Reached XP level 5. HP: 36/42 MP: 5/5
  2116 | D:3      | Reached XP level 6. HP: 41/48 MP: 6/6
  2176 | D:3      | Killed Natasha
  2268 | D:3      | Noticed Natasha
  2275 | D:3      | Killed Natasha
  2340 | D:3      | Paralysed by Grinder for 2 turns
  2353 | D:3      | Killed Grinder
  2354 | D:3      | Reached skill level 3 in Axes
  2354 | D:3      | Reached XP level 7. HP: 15/54 MP: 7/7
  2667 | D:3      | Noticed Natasha
  2673 | D:3      | Killed Natasha
  2844 | D:4      | Found a staircase to the Ecumenical Temple.
  2861 | Temple   | Entered the Ecumenical Temple
  2870 | Temple   | Became a worshipper of Hepliaklqana the Forgotten
  3053 | D:4      | Reached skill level 1 in Invocations
  3500 | D:4      | Reached XP level 8. HP: 14/61 MP: 9/9
  3967 | D:5      | Reached skill level 5 in Fighting
  3980 | D:5      | Reached skill level 4 in Axes
  4150 | D:5      | Found a radiant altar of Vehumet.
  4279 | D:5      | Found a shimmering altar of Xom.
  4347 | D:5      | Reached * piety under Hepliaklqana
  4626 | D:6      | Found a bloodstained altar of Trog.
  4730 | D:6      | Gained mutation: You have very sharp fingernails. [demonic
                  | ancestry]
  4730 | D:6      | Reached XP level 9. HP: 61/61 MP: 12/12
  5242 | D:7      | Reached ** piety under Hepliaklqana
  5243 | D:7      | Remembered your ancestor Publia as a battlemage
  5271 | D:7      | Found a blossoming altar of Fedhas.
  5289 | D:7      | Reached skill level 5 in Invocations
  5309 | D:7      | Found a sand-covered staircase.
  5314 | Ossuary  | Entered an ossuary
  5339 | Ossuary  | Reached skill level 5 in Evocations
  5590 | D:7      | Found an opulent altar of Gozag.
  5698 | D:7      | Reached skill level 5 in Dodging
  5967 | D:8      | Reached *** piety under Hepliaklqana
  5972 | D:8      | Identified the +0 robe of Ethics {Rampage rElec rF++}
  5980 | D:8      | Reached skill level 5 in Axes
  6026 | D:8      | Noticed an orc sorcerer
  6029 | D:8      | Paralysed by an orc sorcerer for 2 turns
  6033 | D:8      | Noticed an orange demon
  6035 | D:8      | Killed an orc sorcerer
  6167 | D:8      | Noticed an orange crystal statue
  6428 | D:8      | Found a basalt altar of Yredelemnul.
  6472 | D:8      | Found a staircase to the Lair.
  6473 | D:8      | Noticed a komodo dragon
  6496 | D:8      | Gained mutation: You regenerate health from kills. [demonic
                  | ancestry]
  6496 | D:8      | Reached XP level 10. HP: 56/68 MP: 14/14
  6550 | D:8      | Reached skill level 5 in Armour
  6874 | D:9      | Found a sparkling altar of Nemelex Xobeh.
  6961 | D:9      | Reached skill level 5 in Throwing
  7231 | D:9      | Noticed a cyclops
  7241 | D:9      | Killed a cyclops
  7290 | D:9      | Noticed a centaur warrior
  7297 | D:9      | Killed a centaur warrior
  7298 | D:9      | Reached skill level 6 in Axes
  7298 | D:9      | Noticed a cyan ugly thing
  7304 | D:9      | Identified the +11 trident of the Hurling Visionary
                  | {antimagic, *Slow Will+ Int+3 Dex+3}
  7305 | D:9      | Noticed a purple ugly thing
  7516 | D:9      | Reached XP level 11. HP: 75/75 MP: 5/16
  7517 | D:9      | Identified the +7 halberd of Discord {drain, rCorr}
  7779 | D:9      | Killed a purple ugly thing
  7783 | D:9      | Killed a cyan ugly thing
  8009 | D:10     | Entered Level 10 of the Dungeon
  8031 | D:10     | Noticed Urug
  8087 | D:10     | Noticed Harold
  8099 | D:10     | Noticed Sonja
  8106 | Abyss:2  | Cast into level 2 of the Abyss (Sonja)
  8144 | Abyss:2  | Reached **** piety under Hepliaklqana
  8147 | Abyss:2  | Found a corrupted altar of Lugonu.
  8179 | Abyss:2  | Noticed a tentacled starspawn
  8187 | D:10     | Escaped the Abyss
  8190 | D:10     | Killed Sonja
  8218 | D:10     | Found a flagged portal.
  8227 | Bailey   | Entered a bailey
  8820 | Bailey   | Reached skill level 10 in Axes
  8820 | Bailey   | Gained mutation: You are mostly covered in sharp spines.
                  | [demonic ancestry]
  8820 | Bailey   | Reached XP level 12. HP: 82/82 MP: 18/18
  8918 | D:10     | Killed Harold
  9092 | D:10     | Identified the +0 plate armour of Gallantry {Rampage rC+++
                  | Str-4 Stlth+}
  9275 | D:10     | Noticed a four-headed hydra
  9315 | D:10     | Killed a five-headed hydra
  9475 | D:10     | Found a burning altar of Makhleb.
  9482 | D:10     | Found a shimmering blue altar of Sif Muna.
  9488 | D:10     | Found a sacrificial altar of Ru.
  9495 | D:10     | Found a snail-covered altar of Cheibriados.
  9832 | D:10     | Killed Urug
  9896 | Lair:1   | Entered Level 1 of the Lair of Beasts
  9939 | Lair:1   | Noticed an eight-headed hydra
  9947 | Lair:1   | Killed an eight-headed hydra
 10190 | Lair:1   | Gained mutation: You are completely covered in sharp
                  | spines. [demonic ancestry]
 10190 | Lair:1   | Reached XP level 13. HP: 89/89 MP: 19/19
 10687 | Lair:1   | Reached ***** piety under Hepliaklqana
 11032 | Lair:2   | Found a hole to the Spider Nest.
 11859 | Lair:3   | Noticed Fannar
 11872 | Lair:3   | Killed Fannar
 12036 | Lair:3   | Found a runed translucent gate.
 12036 | Lair:3   | Found a runed translucent gate.
 12036 | Lair:3   | Found a runed translucent gate.
 12037 | Lair:3   | Noticed Feudof's ghost (journeyman GnWr)
 12081 | Lair:3   | Reached skill level 11 in Axes
 12081 | Lair:3   | Found a staircase to the Swamp.
 12583 | Lair:4   | Found a viscous altar of Jiyva.
 12795 | Lair:4   | Found a runed translucent door.
 12796 | Lair:4   | Noticed Loehaal's ghost (journeyman DjHW)
 12813 | Lair:4   | Killed Loehaal's ghost
 12892 | Lair:4   | Identified the +3 short sword "Vuomnaf" {venom, Str+3}
 12940 | Lair:3   | HP: 4/85 [four-headed hydra (11)]
 13279 | Lair:4   | Found a staircase to the Slime Pits.
 13717 | Lair:5   | Entered Level 5 of the Lair of Beasts
 13855 | Lair:5   | Gained mutation: You regenerate a lot of health from kills.
                  | [demonic ancestry]
 13855 | Lair:5   | Reached XP level 14. HP: 98/98 MP: 6/20
 14369 | Lair:5   | Reached skill level 10 in Fighting
 14650 | Lair:5   | Identified the +1 robe "Yxkuumoz" {Dex+5}
 15472 | Lair:3   | Killed Feudof's ghost
 16226 | D:11     | Found a staircase to the Orcish Mines.
 16563 | D:11     | Reached ****** piety under Hepliaklqana
 16723 | Orc:1    | Entered Level 1 of the Orcish Mines
 16882 | Orc:1    | Noticed Maurice
 16891 | Orc:1    | Killed Maurice
 17043 | Orc:2    | Entered Level 2 of the Orcish Mines
 17074 | Orc:2    | Reached skill level 10 in Evocations
 17335 | Orc:2    | Found Esatady's Weapon Boutique.
 17383 | Orc:2    | Reached skill level 12 in Axes
 17400 | Orc:2    | Found Gunuokku's Distillery.
 17400 | Orc:2    | Found a staircase to the Elven Halls.
 17733 | Orc:2    | Bought a potion of heal wounds for 65 gold pieces
 17733 | Orc:2    | Bought a potion of curing for 39 gold pieces
 18105 | Orc:2    | Found Fageiloh's Antique Weapon Boutique.
 18106 | Orc:2    | Found Enyimoce's Armour Shoppe.
 18106 | Orc:2    | Found Guise's General Store.
 18122 | Orc:2    | Bought a +5 broad axe of electrocution for 592 gold pieces
 18125 | Orc:2    | Bought a potion of curing for 42 gold pieces
 18125 | Orc:2    | Bought a scroll of teleportation for 42 gold pieces
 18365 | Orc:1    | Noticed Nergalle
 18373 | Orc:1    | Killed Nergalle
 18636 | D:12     | Found Ruczestro's Weapon Shop.
 19232 | Orc:2    | Paralysed by an orc sorcerer for 2 turns
 19260 | Orc:2    | Bought the +8 gold dragon scales "Uvvitadu" {rPois rF+ rC+
                  | Str+6} for 1764 gold pieces
 19536 | D:12     | Gained mutation: When seriously injured, your blood forms
                  | thick armour. (AC +9) [demonic ancestry]
 19536 | D:12     | Reached XP level 15. HP: 105/105 MP: 21/21
 19561 | D:12     | Noticed Azrael
 19568 | D:12     | Killed Azrael
 19958 | D:12     | Identified a scroll of acquirement
 20870 | D:13     | Found a gate to the Vaults.
 20877 | D:13     | Reached skill level 1 in Shields
 20924 | D:13     | Found a large runed translucent door.
 20925 | D:13     | Found a large runed translucent door.
 20927 | D:13     | Noticed Buphadet's ghost (journeyman AtBe)
 20944 | D:13     | Killed Buphadet's ghost
 21254 | D:13     | Reached skill level 10 in Dodging
 21435 | D:14     | Reached skill level 10 in Armour
 21438 | D:14     | Reached skill level 10 in Throwing
 21442 | D:14     | Acquired 847 gold pieces
 21443 | D:14     | Acquired 1171 gold pieces
 21457 | D:14     | Reached skill level 13 in Axes
 22203 | D:14     | Noticed Snorg
 22214 | D:14     | Killed Snorg
 22342 | D:15     | Entered Level 15 of the Dungeon
 22343 | D:15     | Found a staircase to the Depths.
 22623 | D:15     | Gained mutation: You have claws for hands. [demonic
                  | ancestry]
 22623 | D:15     | Reached XP level 16. HP: 65/113 MP: 22/22
 23570 | Elf:1    | Entered Level 1 of the Elven Halls
 23583 | Elf:1    | Found Ygeavi's Assorted Antiques.
 23720 | Elf:1    | Found Weere's Assorted Antiques.
 23725 | Elf:1    | Bought a glowing broad axe for 224 gold pieces
 24076 | Elf:1    | Noticed Donald
 24081 | Elf:1    | Killed Donald
 24424 | Elf:1    | Paralysed by an air elemental for 1 turns
 24455 | Elf:1    | Got the Handbook of the Union
 24484 | Elf:1    | Noticed a Hell Sentinel
 24524 | Elf:1    | Found Vocvos's General Store.
 24532 | Elf:1    | Bought a scroll of teleportation for 42 gold pieces
 24539 | Elf:1    | Found Deem's Magic Scroll Shop.
 24542 | Elf:1    | Bought a scroll of blinking for 120 gold pieces
 24892 | Elf:2    | Reached skill level 14 in Axes
 25100 | Elf:2    | Identified the +2 leather armour of the Curious Xeniums
                  | {Str+6}
 25600 | Elf:2    | Found a huge runed translucent gate.
 25602 | Elf:2    | Found a huge runed translucent gate.
 25607 | Elf:2    | Found a huge runed translucent gate.
 25608 | Elf:2    | Found a huge runed translucent gate.
 25608 | Elf:2    | Found a huge runed translucent gate.
 25649 | Elf:2    | Reached XP level 17. HP: 94/119 MP: 23/23
 25729 | Elf:2    | Noticed a deep elf blademaster
 25738 | Elf:2    | Killed a deep elf blademaster
 25739 | Elf:2    | Reached skill level 5 in Shields
 26228 | Elf:3    | Entered Level 3 of the Elven Halls
 26379 | Elf:3    | Noticed a Hell Sentinel
 26486 | Abyss:3  | Cast into level 3 of the Abyss (a deep elf demonologist)
 26584 | Abyss:3  | Noticed a bone dragon
 26613 | Abyss:3  | Killed a bone dragon
 26659 | Elf:3    | Escaped the Abyss
 27548 | Elf:3    | Paralysed by an air elemental for 1 turns
 27549 | Elf:3    | Found Voler's Distillery.
 27618 | Elf:3    | Reached skill level 15 in Axes
 28022 | Elf:3    | Noticed a deep elf blademaster
 28048 | Elf:3    | Killed a deep elf blademaster
 28077 | Elf:3    | Noticed a deep elf blademaster
 28081 | Elf:3    | Killed a deep elf blademaster
 28633 | Elf:3    | Noticed a Brimstone Fiend
 28977 | Elf:3    | Noticed a deep elf master archer
 28984 | Elf:3    | Killed a deep elf master archer
 29134 | Elf:3    | Noticed a deep elf master archer
 29138 | Elf:3    | Killed a deep elf master archer
 29424 | Elf:3    | Identified the amulet "Atiaqu" {Reflect +Blink Regen+ SH+5}
 29494 | Elf:3    | Reached XP level 18. HP: 120/127 MP: 24/24
 29548 | Elf:3    | Identified the +9 plate armour of the Harvest Moon {Rampage
                  | rF+ rC- Int+3}
 29654 | Elf:3    | Found the +3 Elemental Staff {rElec rF++ rC++ AC+5}
 29670 | Elf:3    | Got Ihusid's Compilation of Distance
 29950 | Spider:1 | Entered Level 1 of the Spider Nest
 30051 | Spider:1 | Identified the +2 spear "Riddiuh" {holy, rC- rN+ MP+9
                  | Str+4}
 32524 | Spider:3 | Reached skill level 16 in Axes
 32814 | Spider:4 | Entered Level 4 of the Spider Nest
 32863 | Spider:4 | Noticed Aizul
 32876 | Spider:4 | Killed Aizul
 33422 | Spider:4 | Reached XP level 19. HP: 135/135 MP: 25/25
 33722 | Spider:4 | Found a runed translucent gate.
 33722 | Spider:4 | Found a runed translucent gate.
 33724 | Spider:4 | Found a runed translucent gate.
 33725 | Spider:4 | Noticed Xof Pepn's ghost (adept MiBe)
 33742 | Spider:4 | Killed Xof Pepn's ghost
 34025 | Spider:4 | Got a gossamer rune of Zot
 34271 | Swamp:1  | Entered Level 1 of the Swamp
 34281 | Swamp:1  | Found a basalt altar of Yredelemnul.
 35621 | Swamp:4  | Entered Level 4 of the Swamp
 35806 | Swamp:4  | Reached skill level 17 in Axes
 36392 | Swamp:4  | Noticed the 27-headed Lernaean hydra
 36576 | Swamp:4  | Killed the 26-headed Lernaean hydra
 36639 | Swamp:4  | Got a decaying rune of Zot
 36967 | Slime:1  | Entered Level 1 of the Pits of Slime
 36979 | Slime:1  | Gained mutation: Your magical and physical power is
                  | slightly enhanced at high health. [demonic ancestry]
 36979 | Slime:1  | Reached XP level 20. HP: 77/143 MP: 26/26
 36985 | Slime:1  | HP: 4/143 [acid blob/splash of acid (13)]
 36987 | Lair:4   | Annihilated by a rockslime

Illustrated notes

Levels and vault maps discovered:
D:1:      ncdulo_smallfort, layout_basic
D:2:      layout_basic, hellmonk_ecumenical_altar_arch_garden,
          kennysheep_generic_room_2
D:3:      layout_loops_ring, serial_undead, serial_undead_e, serial_undead_a,
          serial_undead_b, serial_undead_f, hangedman_decor_push, uniq_sigmund,
          uniq_grinder, uniq_natasha
D:4:      layout_cave_pools, temple_pool_b, nicolae_nh_ransacked_shop
D:5:      minmay_spotlight, layout_loops_ring, general_overflow_altar,
          dk_xom_monty_hall
D:6:      layout_gridville, trog_three_pillars_becter,
          minmay_misc_feat_nine_boxes
D:7:      statuecave_lemuel, layout_basic, mainiacjoe_overflow_small_starburst,
          marbit_many_paths, enter_ossuary_2
D:8:      cheibrodos_wizards_tower, layout_basic, yredelemnul_altar_generic,
          david_lair_shrubbed, disabler_island
D:9:      minmay_the_grid_triangle_9x9_rhombus_thin_mashed
          [minmay_the_grid_triangle_9x9_sprig,
          minmay_the_grid_triangle_9x9_prize_center,
          minmay_the_grid_triangle_9x9_wacky_v,
          minmay_the_grid_triangle_9x9_stretched_checkered], layout_loops_ring,
          nemelex_xobeh_ov_fountains_minmay, nicolae_fountain_basement
D:10:     layout_loops_ring, grunt_temple_overflow_octagram, enter_bailey_3,
          uniq_sonja, uniq_harold, uniq_urug
D:11:     layout_loops_cross, david_orc_2
D:12:     minmay_clustersquares, layout_gridville, serial_shops,
          nicolae_shop_bloodbath_and_beyond, serial_bayou_lake_a, uniq_azrael
D:13:     dreamdust_black_sun_cult, layout_long_grid,
          grunt_vaults_entry_fortified, ebering_ghost_disaster_area
D:14:     layout_irregular_city, kennysheep_another_room, uniq_snorg
D:15:     gammafunk_depths_entry_grave, layout_loops_ring
Temple:   hellmonk_temple_of_storms
Lair:1:   layout_roguey, grunt_megastairs_5
Lair:2:   layout_cave_pods, spider_nest_entry_web_field, serial_bayou_crossing
Lair:3:   layout_long_grid, skrybe_swamp_entry_bodies, gammafunk_ghost_split,
          basic_altar, infiniplex_staircase_pool, lemuel_fruit_tree, uniq_fannar
Lair:4:   layout_hall_layers, slime_entry_1, ebering_ghost_inner_flame,
          lemuel_fruit_fields
Lair:5:   guppyfry_lair_end_dragon, layout_gridlike, serial_rivers,
          chequers_serial_rivers_room_a, chequers_serial_rivers_small_3,
          chequers_serial_rivers_micro_c, chequers_serial_rivers_large_b,
          chequers_serial_rivers_small_b, lemuel_fruit_fields
Swamp:1:  layout_basic_swamp, basic_altar
Swamp:2:  layout_basic_swamp, evilmike_swamp_ruin_rubble_1,
          infiniplex_staircase_pool_2
Swamp:3:  layout_falls_marsh, evilmike_swamp_ruin_house_4
Swamp:4:  swamp_old_school, layout_basic_swamp, swamp_pool2,
          hangedman_swamp_diagram
Spider:1: nicolae_spider_hilbert_zone_3 [nicolae_spider_hilbert_4_sides_2_open,
          nicolae_spider_hilbert_3_sides_1_open,
          nicolae_spider_hilbert_3_sides_1_open,
          nicolae_spider_hilbert_3_sides_1_open,
          nicolae_spider_hilbert_3_sides_1_open,
          nicolae_spider_hilbert_4_sides_1_open,
          nicolae_spider_hilbert_4_sides_1_open,
          nicolae_spider_hilbert_4_sides_1_open,
          nicolae_spider_hilbert_4_sides_1_open,
          nicolae_spider_hilbert_4_sides_1_open,
          nicolae_spider_hilbert_4_sides_1_open,
          nicolae_spider_hilbert_4_sides_1_open,
          nicolae_spider_hilbert_4_sides_1_open,
          nicolae_spider_hilbert_3_sides_1_open,
          nicolae_spider_hilbert_3_sides_1_open,
          nicolae_spider_hilbert_3_sides_1_open,
          nicolae_spider_hilbert_3_sides_1_open], portal_ice_cave_entry_dragon,
          spiders_nest_spider_trap
Spider:2: layout_spider_delve
Spider:3: layout_spider_delve, hellmonk_deceptive_appearances
Spider:4: hellmonk_spider_rune_bug_friends, gammafunk_ghost_necromancy,
          uniq_aizul
Slime:1:  layout_caves
Orc:1:    layout_caves, statue_in_the_mist_lemuel, nicolae_orc_tapped_out,
          uniq_nergalle, uniq_maurice
Orc:2:    st_orc_elflike, layout_caves, serial_shops, shop
Elf:1:    eino_elf_arrival_the_gate, layout_loops_corners, serial_shops, shop,
          nicolae_shop_crystal, shop, nicolae_shop_statue_plus,
          minmay_elf_demonology, uniq_donald
Elf:2:    elven_hall_of_blades_hangedman_alternative
          [nicolae_vaults_blade_armed_guards], layout_onion_city,
          dk_noncrumbling_4, minivault_23
Elf:3:    minmay_elf_hall_dome, layout_gridlike, serial_shops, shop,
          grunt_megastairs_4

Skill      XL: |  1  2  3  4  5  6  7  8  9 10 11 12 13 14 15 16 17 18 19 |
---------------+----------------------------------------------------------+-----
Axes           | 2 3 4 5 6 10 11 12 13 14 15 16 17 | 17.2
Dodging        | 2 3 4 5 6 7 8 9 10 11 12 | 12.9
Evocations     | 1 2 3 4 5 6 7 9 10 11 12 13 14 | 14.1
Armour         | 1 2 3 4 5 6 7 8 9 10 11 12 | 12.9
Throwing       | 1 2 3 4 5 6 7 8 9 10 11 12 | 12.9
Stealth        | 5 |  5.0
Fighting       | 4 5 6 7 8 9 10 11 12 13 14 | 14.3
Invocations    | 2 4 5 7 8 |  8.0
Shields        | 2 4 6 7 8 |  8.7

Action                     |  1- 3 |  4- 6 |  7- 9 | 10-12 | 13-15 | 16-18 | 19-21 || total
---------------------------+-------+-------+-------+-------+-------+-------+-------++-------
  Melee: Hand axe          |    42 |    99 |   211 |       |       |       |       ||   352
         Punch             |       |     1 |     2 |       |       |       |       ||     3
         Mace              |       |       |    46 |       |       |       |       ||    46
         Great mace        |       |       |     5 |    56 |       |       |       ||    61
         Trident           |       |       |       |    16 |   475 |       |       ||   491
         Halberd           |       |       |       |    98 |    86 |       |       ||   184
         Broad axe         |       |       |       |       |   289 |   816 |   270 ||  1375
   Fire: Arbalest          |       |       |       |    12 |       |       |       ||    12
  Throw: Dart              |       |       |       |     7 |       |     2 |       ||     9
         Javelin           |       |       |       |    10 |    28 |    65 |     5 ||   108
 Invoke: Ancestor Life: Ba |       |       |     1 |       |       |       |       ||     1
         Recall Ancestor   |       |       |       |       |     4 |     4 |       ||     8
  Evoke: Wand              |       |       |       |    15 |     1 |       |       ||    16
         Box of beasts     |       |       |       |     1 |       |     1 |       ||     2
         Phantom mirror    |       |       |       |       |       |       |     1 ||     1
    Use: Potion            |     1 |       |     2 |     3 |     4 |     2 |     1 ||    13
         Scroll            |     1 |     1 |     1 |     2 |    37 |     7 |     2 ||    51
   Stab: Sleeping          |     1 |     5 |    19 |     3 |     6 |       |       ||    34
         Distracted        |       |       |     4 |     5 |    22 |    34 |    11 ||    76
         Paralysed         |       |       |       |    10 |       |       |       ||    10
 Armour: Leather armour    |     9 |     2 |       |       |       |       |       ||    11
         Robe              |       |    18 |    83 |    53 |   118 |       |       ||   272
         Chain mail        |       |    10 |       |       |       |       |       ||    10
         Gold dragon scale |       |       |       |       |   244 |   439 |   339 ||  1022
  Dodge: Dodged            |    29 |    52 |   168 |   159 |   527 |   271 |   185 ||  1391
  Block: Buckler           |       |       |       |       |    83 |    22 |       ||   105
         Kite shield       |       |       |       |       |       |   256 |       ||   256
         Reflection        |       |       |       |       |       |     9 |    16 ||    25
         Tower shield      |       |       |       |       |       |   277 |   432 ||   709

Table legend: (Time is in decaauts)
 A = Elapsed time spent in this place.
 B = Non-inter-level travel time spent in this place.
 C = Inter-level travel time spent in this place.
 D = Time resting spent in this place.
 E = Time spent auto-exploring this place.
 F = Levels seen in this place.
 G = Mean time per level.
                   A        B        C        D        E       F      G
               +--------+--------+--------+--------+--------+-----+--------+
         Total |  38107 |  34485 |   3622 |   4604 |  22163 |  39 |  977.1 |
       Dungeon |  15473 |  13874 |   1599 |   1177 |   9738 |  15 | 1031.5 |
        Temple |     18 |      9 |      9 |      0 |      0 |   1 |   18.0 |
          Lair |   6339 |   5631 |    708 |    913 |   3551 |   5 | 1267.8 |
         Swamp |   2957 |   2770 |    187 |    157 |   2110 |   4 |  739.2 |
   Spider Nest |   3918 |   3634 |    284 |     28 |   2632 |   4 |  979.5 |
    Slime Pits |     19 |     19 |      0 |      0 |      0 |   1 |   19.0 |
  Orcish Mines |   2362 |   1926 |    436 |    619 |    976 |   2 | 1181.0 |
   Elven Halls |   5941 |   5544 |    397 |   1708 |   2641 |   3 | 1980.3 |
         Abyss |    256 |    256 |      0 |      0 |     32 |   2 |  128.0 |
       Ossuary |    145 |    145 |      0 |      0 |     78 |   1 |  145.0 |
        Bailey |    675 |    675 |      0 |      0 |    403 |   1 |  675.0 |
               +--------+--------+--------+--------+--------+-----+--------+

Top non-repeatable levels by time:
   Elf:2: 2416 daAuts
   Elf:3: 2264 daAuts
  Lair:5: 1670 daAuts
Spider:1: 1583 daAuts
     D:8: 1459 daAuts
Spider:4: 1393 daAuts
     D:9: 1367 daAuts
   Orc:2: 1349 daAuts
  Lair:3: 1348 daAuts
    D:14: 1313 daAuts
    D:11: 1307 daAuts
   Elf:1: 1260 daAuts
 Swamp:4: 1223 daAuts
    D:10: 1159 daAuts
    D:13: 1158 daAuts
